 Dungeon Crawl Stone Soup version 0.19-a0-570-g8ae9a92 (webtiles) character file.

1153 TheGoonsmith the Geomancer (level 8, 0/41 HPs)
             Began as a Gargoyle Earth Elementalist on June 8, 2016.
             Slain by an ogre
             ... wielding a +0 giant club
              (15 damage)
             ... on level 7 of the Dungeon.
             The game lasted 00:09:37 (4416 turns).

TheGoonsmith the Geomancer (GrEE)                   Turns: 4416, Time: 00:09:38

Health: 0/41       AC: 17    Str: 13    XL:     8   Next: 38%
Magic:  7/12       EV: 11    Int: 17    God:
Gold:   284        SH:  0    Dex: 10    Spells: 4 memorised, 0 levels left

rFire  . . .     SeeInvis .     B - +1 halberd (vamp)
rCold  . . .     Gourm    .     f - +3 leather armour
rNeg   + . .     Faith    .     (shield currently unavailable)
rPois  ∞         Spirit   .     w - +1 helmet
rElec  +         Dismiss  .     y - +0 cloak
rCorr  .         Reflect  .     (no gloves)
SustAt .         Harm     .     C - +2 pair of boots
MR     .....                    (no amulet)
Stlth  ++........               (no ring)
                                (no ring)

@: not resistant to hostile enchantments, unstealthy
A: negative energy resistance 1, electricity resistance, unbreathing,
petrification resistance, rot immunity, AC +5
a: no special abilities


You were on level 7 of the Dungeon.
You were very hungry.

You visited 1 branch of the dungeon, and saw 5 of its levels.

You collected 284 gold pieces.

Inventory:

Hand Weapons
 a - a +1 whip of venom
 g - a +0 dagger
 B - a +1 vampiric halberd (weapon)
Missiles
 b - 123 stones (quivered)
Armour
 c - a +0 robe
 f - a +3 leather armour (worn)
 w - a +1 helmet (worn)
 y - a +0 cloak (worn)
 C - a +2 pair of boots (worn)
Jewellery
 x - an uncursed ring of poison resistance {unknown}
 F - a cursed -2 ring of strength {unknown}
Wands
 t - a wand of disintegration (7/24)
 A - a wand of lightning (5/15)
 H - a wand of flame (36/48)
Scrolls
 i - a scroll of teleportation
 k - a scroll of recharging
 m - a scroll of immolation
 D - a scroll of identify
Potions
 l - a potion of lignification
 n - a potion of agility
 o - a potion of brilliance
 p - 2 potions of degeneration {unknown}
 q - 2 potions of haste
 v - 5 potions of flight {unknown}
 z - a potion of magic {unknown}
 E - a potion of mutation {unknown}
 G - a potion of invisibility {unknown}
Books
 e - a book of Geomancy

   Spells                             Type                      Level
   a - Sandblast                      Earth                        1
   b - Passwall                       Transmutation/Earth          2
   c - Stone Arrow                    Conjuration/Earth            3
   d - Petrify                        Transmutation/Earth          4
   e - Lee's Rapid Deconstruction     Earth                        5
Comestibles
 d - 2 bread rations
 h - a slice of pizza
 j - 2 meat rations
 r - a royal jelly
 s - a beef jerky
 u - 5 fruits


   Skills:
 - Level 1.5 Dodging
 - Level 2.1 Stealth
 + Level 3.1 Spellcasting
 - Level 5.0 Conjurations
 - Level 0.7 Transmutations
 + Level 10.2 Earth Magic


You couldn't memorise any spells.
You knew the following spells:

 Your Spells              Type           Power        Failure   Level  Hunger
a - Sandblast             Erth           #####.       1%          1    None
b - Petrify               Tmut/Erth      ###.....     24%         4    ####...
x - Stone Arrow           Conj/Erth      ####..       3%          3    ###....
z - Lee's Rapid Deconstr  Erth           #####.....   12%         5    ######.


Dungeon Overview and Level Annotations

Branches:
Dungeon (7/15)
 Temple: D:4-7

Altars:
Dithmenos
Okawaru


Innate Abilities, Weirdness & Mutations

You are resistant to torment.
Your stone body is resilient. (AC +5)
You are immune to poison.
You resist negative energy. (rN+)
You are resistant to electric shocks. (rElec)
You can survive without breathing.
You are immune to petrification.
You are immune to rotting.


Message History

The ogre hits you with a giant club!
Casting: Sandblast
Confirm with . or Enter, or press ? or * to list all spells.
Aiming: Sandblast
Press: ? - help, Shift-Dir - straight line, f/p - ogre
Aim: an ogre, wielding a giant club (heavily wounded)
The blast of sand hits the ogre.
The ogre is heavily wounded.
The ogre hits you with a giant club!
Casting: Sandblast
Confirm with . or Enter, or press ? or * to list all spells.
Aiming: Sandblast
Press: ? - help, Shift-Dir - straight line, f/p - ogre
Aim: an ogre, wielding a giant club (heavily wounded)
The blast of sand hits the ogre.
The ogre is heavily wounded.
You closely miss the ogre.
The ogre is heavily wounded.
The ogre barely misses you. The ogre hits you with a giant club!
You die...

#.......##.##.#####.
#.#####.##.##.## #. ##.#
#.##.#...## #. #..#
#[........# #. #..#
#.#..#....# #. #..#
#.#.)##.#.###. #.##
###..#.p...pp.
###################..#..#.###p
..........###@.÷÷##....p..###)
#....[..#..#O§%##...........
#......÷.###%.%###..........
#.......## #####.....).####
#.......## ####.#..# #
#........##.# #.#..# #
######......<..... #.#..# #
.......##.###.##.# #.#..# #
#########.# ... . #.#..#


You could see an ogre.

Vanquished Creatures
  Pikel (D:7)
  An orc warrior (D:7)
  The ghost of Nothus the Sneak, an amateur KoAs (D:3)
  A slave (D:7)
  A sky beast (D:7)
  A jelly (D:7)
  Crazy Yiuf (D:3)
  2 orc wizards (D:7)
  Jessica (D:3)
  Natasha (thrice) (D:3)
  An iguana (D:7)
  Robin (D:3)
  3 adders
  2 oozes (D:1)
  An adder skeleton (D:7)
  A dart slug (D:3)
  2 worms
  A giant gecko (D:7)
  4 orcs
  2 giant cockroaches
  14 goblins
  9 hobgoblins
  2 jackals (D:7)
  3 quokkas (D:3)
  6 bats
  3 giant newts
  7 kobolds
  4 rats
79 creatures vanquished.

Vanquished Creatures (others)
  A water moccasin (D:7)
  2 slaves (D:7)
  A quasit (D:7)
  A jelly (D:7)
  An orc wizard (D:7)
  An orc (D:7)
7 creatures vanquished.

Grand Total: 86 creatures vanquished

Notes
Turn   | Place    | Note
--------------------------------------------------------------
     0 | D:1      | TheGoonsmith the Gargoyle Earth Elementalist began the quest for the Orb.
     0 | D:1      | Reached XP level 1. HP: 10/10 MP: 3/3
   281 | D:1      | Reached skill level 4 in Earth Magic
   281 | D:1      | Reached XP level 2. HP: 15/15 MP: 0/5
  1017 | D:2      | Reached skill level 5 in Earth Magic
  1017 | D:2      | Reached XP level 3. HP: 19/19 MP: 1/6
  1602 | D:2      | Reached XP level 4. HP: 17/24 MP: 1/7
  1834 | D:2      | Learned a level 3 spell: Stone Arrow
  1957 | D:3      | Noticed Natasha
  1972 | D:3      | Killed Natasha
  1972 | D:3      | Reached skill level 6 in Earth Magic
  2387 | D:3      | Noticed Robin
  2623 | D:3      | Noticed Jessica
  2626 | D:3      | Killed Jessica
  2626 | D:3      | Reached XP level 5. HP: 28/28 MP: 5/8
  2637 | D:3      | Noticed Natasha
  2640 | D:3      | Killed Natasha
  2640 | D:3      | Reached skill level 7 in Earth Magic
  2667 | D:3      | Killed Robin
  2757 | D:3      | Noticed Nothus's ghost (amateur KoAs)
  2779 | D:3      | Killed Nothus's ghost
  2779 | D:3      | Reached skill level 8 in Earth Magic
  2779 | D:3      | Reached XP level 6. HP: 32/32 MP: 0/9
  3021 | D:3      | Found a shadowy altar of Dithmenos.
  3032 | D:3      | Noticed Natasha
  3034 | D:3      | Killed Natasha
  3105 | D:3      | Noticed Crazy Yiuf
  3109 | D:3      | Killed Crazy Yiuf
  3286 | D:4      | You fall through a shaft for 3 floors!
  3341 | D:7      | Learned a level 5 spell: Lee's Rapid Deconstruction
  3362 | D:7      | Noticed Pikel
  3362 | D:7      | Noticed a slave
  3363 | D:7      | Noticed a slave
  3365 | D:7      | Noticed a slave
  3365 | D:7      | Killed a slave
  3373 | D:7      | Killed Pikel
  3373 | D:7      | Reached skill level 9 in Earth Magic
  3373 | D:7      | Reached XP level 7. HP: 34/36 MP: 1/11
  3470 | D:7      | Noticed an orc warrior
  3481 | D:7      | Killed an orc warrior
  3481 | D:7      | Reached XP level 8. HP: 29/41 MP: 3/12
  3836 | D:7      | Reached skill level 10 in Earth Magic
  4007 | D:7      | Got a blackened dagger
  4008 | D:7      | Identified the cursed +0 dagger "Qanku" {speed, rPois MR+} (You found it on level 7 of the Dungeon)
  4071 | D:7      | Found an iron altar of Okawaru.
  4135 | D:7      | Reached skill level 5 in Conjurations
  4303 | D:7      | Learned a level 4 spell: Petrify
  4416 | D:7      | Slain by an ogre

Vault maps used:
D:1:      erik_arrival_gehennom
D:2:      kennysheep_decorative_pillar
D:3:      amethyst_killhole, nicolae_dithmenos_through_a_glass_darkly,
          uniq_robin, uniq_crazy_yiuf_cottage, uniq_natasha, uniq_jessica
D:4:      nicolae_ru_awakened_eye, first_bread, minmay_misc_feat_columns,
          trog_eyes_of_draining
D:7:      minmay_temple_entry_statues, basic_altar, grunt_ministairs_15,
          grunt_ogre_cave, uniq_pikel

Skill      XL: |  1  2  3  4  5  6  7  8 |
---------------+-------------------------+-----
Earth Magic    | 4 5 6 8 9 10 | 10.2
Spellcasting   | 3 |  3.1
Conjurations   | 3 4 5 |  5.0
Dodging        | |  1.5
Stealth        | |  2.1
Transmutations | |  0.7

Action                   |  1- 3 |  4- 6 |  7- 9 || total
-------------------------+-------+-------+-------++-------
Melee: Unarmed           |    10 |       |       ||    10
       Dagger            |     9 |       |       ||     9
       Whip              |    20 |    27 |       ||    47
       Halberd           |       |       |    52 ||    52
 Cast: Sandblast         |    65 |    70 |    41 ||   176
       Stone Arrow       |       |     1 |       ||     1
  Use: Scroll            |       |    10 |     2 ||    12
 Stab: Sleeping          |       |       |     1 ||     1
  Eat: Chunk             |     3 |     7 |     2 ||    12
       Bread ration      |       |       |     1 ||     1
Armor: Robe              |    30 |    14 |       ||    44
       Leather armour    |       |     2 |    85 ||    87
Dodge: Dodged            |    46 |    27 |    80 ||   153
